AoeStats
← Olainas

Pilgrims

508026255Analyzed
4v4 RM · 11d ago on Sep 20, 2026· 66m 16s· 8 players
Game mode
Random Map
Map size
Large (8 player)
Population
200
Speed
Normal
Resources
Standard
Victory
Conquest
Starting age
Dark Age
Ending age
Imperial Age
RankedLock teamsTeams togetherTeam positionsShared explorationLock speedFull tech treeHidden civsTurbo modeCheats
Victory
Defeat
🇦🇹 Franks · Austria
951
+14
🇹🇷 Ethiopians · Türkiye
887
+17
🇹🇷 Turks · Türkiye
879
+17
🇦🇹 Spanish · Austria
808
+21
🇧🇷 Mongols · Brazil
925
-18
🇫🇷 Japanese · France
912
-17
🇦🇷 Berbers · Argentina
902
-17
🇪🇨 Franks · Ecuador
900
-17
dz-oryx-
7:26 Loom
13:23 Feudal Age
15:08 Double-Bit Axe
19:11 Castle Age
17:02 Horse Collar
17:44 Stone Mining
19:35 Pikeman
19:58 Fishing Lines
21:20 Bow Saw
22:14 Gold Mining
24:03 Wheelbarrow
24:11 Heavy Plow
25:20 Town Watch
25:33 Gillnets
26:52 Stone Shaft Mining
29:08 Squires
31:53 Imperial Age
31:04 Arson
31:42 Forging
31:32 Scale Mail Armor
31:25 Fletching
32:16 Hand Cart
32:20 Scale Barding Armor
35:23 Iron Casting
35:04 Chain Mail Armor
34:46 Bodkin Arrow
34:27 Halberdier
35:11 Padded Archer Armor
36:20 Two-Man Saw
38:32 Husbandry
38:42 Bloodlines
39:37 Blast Furnace
39:51 Plate Mail Armor
41:17 Chain Barding Armor
42:58 Leather Archer Armor
42:43 Bracer
42:55 Caravan
43:01 Elite Conquistador
47:08 Ring Archer Armor
47:14 Plate Barding Armor
49:22 Supremacy
49:39 Hoardings
64:31 Gambesons
64:07 Man-at-Arms
65:50 Chemistry
65:12 Ballistics
64:48 Murder Holes
65:04 Masonry
65:10 Careening
65:11 Clinker Construction
65:22 Shipwright
65:08 Siphons
65:49 Town Patrol
Marzoğlu
4:08 Loom
5:30 Loom
19:37 Feudal Age
25:08 Double-Bit Axe
27:30 Wheelbarrow
27:19 Bloodlines
37:32 Castle Age
Zedarr
4:45 Loom
14:32 Feudal Age
15:58 Horse Collar
16:05 Double-Bit Axe
16:05 Fishing Lines
22:14 Castle Age
23:22 Medium Warships
24:24 Careening
24:27 Clinker Construction
24:41 Husbandry
24:56 Squires
24:30 Light Cavalry
25:39 Gillnets
26:49 Scale Barding Armor
31:02 Elite Skirmisher
31:10 Crossbowman
33:50 Heavy Plow
34:37 Ballistics
39:47 Thumb Ring
39:03 Elite Skirmisher
44:58 Imperial Age
43:06 Wheelbarrow
44:33 Royal Heirs
47:01 Hand Cart
48:02 Chemistry
47:08 Siege Engineers
47:04 Gold Mining
48:43 Arbalester
51:16 Caravan
53:23 Hussar
66:32 Torsion Engines
65:53 Elite Shotel Warrior
66:54 Conscription
HVFWallace
7:26 Loom
16:00 Feudal Age
20:00 Castle Age
19:14 Gold Mining
19:14 Double-Bit Axe
19:37 Scale Barding Armor
20:10 Stone Mining
22:04 Husbandry
22:59 Fishing Lines
26:45 Chain Barding Armor
31:53 Wheelbarrow
32:04 Scale Mail Armor
32:15 Forging
36:55 Imperial Age
34:42 Hand Cart
34:04 Pikeman
34:44 Squires
36:52 Bow Saw
37:59 #83
37:15 Cavalier
37:17 Halberdier
38:14 Chain Mail Armor
38:35 Iron Casting
38:48 Gold Shaft Mining
41:16 Plate Barding Armor
43:04 Caravan
43:30 Paladin
46:20 Plate Mail Armor
46:51 Blast Furnace
48:34 Chemistry
47:55 Ballistics
47:44 Siege Engineers
57:03 Murder Holes
56:55 Arrowslits
57:21 Fortified Wall
61:27 Chivalry
61:49 Conscription
Cara do Tapinha
4:19 Loom
10:39 Feudal Age
15:46 Bloodlines
19:10 Scale Barding Armor
22:47 Castle Age
21:40 Fletching
25:25 Bodkin Arrow
33:21 Padded Archer Armor
34:00 Gold Mining
35:59 Leather Archer Armor
36:54 Chain Barding Armor
45:05 Imperial Age
43:11 Wheelbarrow
45:19 Light Cavalry
45:59 Husbandry
51:14 Caravan
51:06 Onager
53:46 Hussar
F-I-R-O
13:53 Loom
23:54 Feudal Age
29:50 Castle Age
33:46 Double-Bit Axe
33:49 Fishing Lines
35:40 Bow Saw
36:55 Gold Mining
37:09 Stone Mining
41:15 Gold Shaft Mining
40:25 Horse Collar
40:41 Gillnets
44:06 Imperial Age
42:12 Wheelbarrow
41:23 Town Watch
45:07 Husbandry
45:17 Bloodlines
44:38 Cavalier
45:50 Hand Cart
45:35 Town Patrol
45:51 Elite Skirmisher
46:36 Thumb Ring
47:26 Conscription
49:56 Elite Samurai
50:58 Kataparuto
52:21 Scale Mail Armor
52:32 Forging
52:12 Gambesons
53:47 Pikeman
56:57 Chain Mail Armor
57:18 Iron Casting
58:41 Arson
KAISER962605
9:18 Feudal Age
10:10 Double-Bit Axe
13:32 Fishing Lines
15:36 Forging
16:48 Fletching
21:00 Man-at-Arms
28:31 Castle Age
29:01 Crossbowman
34:38 Gold Mining
37:00 Scale Barding Armor
39:29 Gillnets
40:27 Iron Casting
40:13 Chain Barding Armor
49:51 Imperial Age
48:00 Husbandry
55:06 Cavalier
Olainas
8:32 Loom
12:34 Feudal Age
13:08 Double-Bit Axe
14:48 Fishing Lines
17:24 Bloodlines
19:19 Castle Age
18:02 Bloodlines
20:14 Forging
20:10 Scale Barding Armor
20:37 Medium Warships
20:27 Gillnets
20:07 Light Cavalry
20:51 Scale Mail Armor
20:51 Padded Archer Armor
21:08 Bow Saw
21:09 Fletching
21:31 Husbandry
21:42 Horse Collar
23:17 Heavy Plow
24:22 Wheelbarrow
24:50 Iron Casting
25:05 Town Watch
25:55 Bodkin Arrow
28:49 Squires
29:42 Gold Mining
29:42 Stone Mining
30:54 Padded Archer Armor
30:55 Scale Mail Armor
32:16 Hand Cart
33:20 Town Patrol
37:17 Imperial Age
35:53 Chain Barding Armor
38:29 Heavy Warships
37:53 Treadmill Crane
39:22 Blast Furnace
41:17 Chain Mail Armor
40:26 Heavy Camel Rider
42:00 Leather Archer Armor
43:12 Plate Barding Armor
44:05 Bracer
44:13 Thumb Ring
45:03 Leather Archer Armor
45:44 Plate Mail Armor
47:31 Ring Archer Armor
46:51 Hussar
47:36 Cavalier
50:08 Ballistics
50:14 Man-at-Arms
51:03 Long Swordsman
53:19 Pikeman
54:49 Two-Handed Swordsman
57:20 Champion
59:31 Arson
61:42 Heresy
61:47 Illumination
62:39 Fervor
62:44 Redemption
Connection lost

Rejoining the realm…

Still unreachable

The connection could not be restored.

Session expired

The server has moved on; the page needs a fresh start.